Workbook

Sheet Presupuesto Oficial (Entidad)
B5: INSTITUTO DISTRITAL DE RECREACIÓN Y DEPORTE - IDRD
B6: PRESUPUESTO OFICIAL
B7: IDRD-SG-LP-020-2026
B9: OBJETO: "CONTRATAR LOS ESTUDIOS, DISEÑOS TÉCNICOS Y LA CONSTRUCCIÓN DEL PARQUE DE PROXIMIDAD SAN CAYETANO, UBICADO EN LA LOCALIDAD DE USME DE LA CIUDAD DE BOGOTÁ D.C."
B12: I. ESTUDIOS, DISEÑOS Y CONSTRUCCIÓN
B14: ÍTEM | C14: DESCRIPCIÓN | D14: UNIDAD MEDIDA | E14: CANTIDAD | F14: Precios Oficiales IDRD | G14: Valor Total
B15: 1 | C15: ESTUDIOS Y DISEÑOS PARQUE SAN CAYETANO | D15: UND | E15: 1 | F15: 348808167 | G15: =+E15*F15 -> 348808167
B16: 2 | C16: CONSTRUCCIÓN PARQUE SAN CAYETANO | D16: UND | E16: 1 | F16: 2448130857 | G16: =+ROUND(E16*F16,0) -> 2448130857
B17: 3 | C17: IMPLEMENTACIÓN PMT ETAPA DE CONSTRUCCIÓN (Incluye Especialista Transito y Transporte, Paletero, Alquiler señalización de obra, señales temporales, cinta de seguridad, barricadas, señales verticales, colombinas, paletas Pare-Siga) | D17: UND | E17: 1 | F17: 33275256 | G17: =+E17*F17 -> 33275256
B18: 4 | C18: IMPLEMENTACIÓN PLAN DE MANEJO AMBIENTAL ETAPA DE CONSTRUCCIÓN (No incluye profesional Ambiental por encontrarse contemplado en los costos de personal mínimo. Incluye: personal operativo y herramienta menor y consumibles para implementación de los programas: Gestión Integral de Residuos Sólidos, Orgánicos aprovechables, No aprovechables y aprovechables, Control de Emisiones Atmosféricas, Manejo Eficiente del Agua, señalización en Obra y Fauna silvestre) | D18: UND | E18: 1 | F18: 50369236 | G18: =+E18*F18 -> 50369236
B19: 5 | C19: IMPLEMENTACIÓN PLAN SST ETAPA DE CONSTRUCCIÓN (No incluye profesional SST por encontrarse contemplado en los costos de personal mínimo. Incluye: herramienta menor y consumibles para Emergencias y Riesgos, Elementos de Protección Personal, Elementos protección trabajo en Alturas, Exámenes Médicos y Bioseguridad) | D19: UND | E19: 1 | F19: 33043254 | G19: =+E19*F19 -> 33043254
B20: 6 | C20: IMPLEMENTACIÓN PLAN DE GESTIÓN SOCIAL ETAPA DE CONSTRUCCIÓN (No incluye profesional Social por encontrarse contemplado en los costos de personal mínimo. Incluye: equipos y consumibles para atención, divulgación y atención al ciudada) | D20: UND | E20: 1 | F20: 11501610 | G20: =+E20*F20 -> 11501610
F21: TOTAL ESTUDIOS, DISEÑOS Y CONSTRUCCIÓN | G21: =SUM(G15:G20) -> 2925128380
B24: II. GASTOS REEMBOLSABLES
F26: RETIE - RETILAB | G26: 43110057
F27: RESOLUCIÓN SILVICULTURAL | G27: 25459608
F28: DERECHO DE VALLA | G28: 3781955
F29: TRAMITES ANTE LA EAAB RESOLUCIÓN 0579/2025 de la EAAB | G29: 2520000
F30: TOTAL GASTOS REEMBOLSABLES | G30: =+G26+G27+G28+G29 -> 74871620
B32: VALOR PRESUPUESTO OFICIAL | G32: =+G21+G30 -> 3000000000
B35: Nota 1. El precio global establecido para la ejecución del contrato comprende la totalidad de los costos directos e indirectos necesarios para la ejecución integral de cada una de las etapas contractuales de conformidad con el Anexo Técnico, sus apéndices y los demás documentos que integran el proceso de contratación. Este valor incluye, sin limitarse a ellos, los costos correspondientes al personal profesional, técnico, operativo, administrativo y de apoyo; salarios, prestaciones sociales, aportes al Sistema de Seguridad Social Integral y demás obligaciones laborales; oficinas, administración, servicios públicos, comunicaciones, útiles, papelería y documentación técnica; asesorías legales, tributarias y de las demás especialidades requeridas; alquiler, operación, transporte y mantenimiento de equipos, instrumentos y vehículos necesarios para la ejecución de las actividades de cada etapa. Asimismo, comprende los ensayos de laboratorio y demás pruebas requeridas durante la ejecución contractual; las instalaciones y redes provisionales de agua y energía necesarias para la etapa de construcción; las garantías, impuestos, tasas y contribuciones aplicables; los trámites, permisos, autorizaciones, aprobaciones y licencias a cargo del contratista; así como los imprevistos y la utilidad. Para la etapa de construcción, el precio global comprende, además, la totalidad de los materiales, mano de obra, herramientas, maquinaria, equipos, transporte y demás recursos necesarios para ejecutar, terminar, dotar y poner en funcionamiento las obras y actividades previstas en los documentos contractuales. En consecuencia, el precio global cubre integralmente la totalidad de las obligaciones contractuales y no da lugar a reconocimientos económicos adicionales por mayores cantidades de obra, variaciones en los rendimientos, insuficiencias en la estimación de costos, omisiones en la oferta o actividades necesarias para la correcta ejecución, terminación y puesta en funcionamiento del objeto contratado.
B36: Nota 2. El Formato "OFERTA ECONÓMICA” debe presentarse en formato Excel en la plataforma SECOP II.
B37: Nota 3. El proponente debe diligenciar el PRECIO ofertado para cada uno de los ítems que componen el formato.
B38: Nota 4. Los valores ofertados NO podrán exceder los respectivos Valores Oficiales y deben ser mayor a cero pesos ($0).
B39: Nota 5. Para la presentación de la “OFERTA ECONÓMICA” no se deben utilizar centavos; por lo tanto, los valores unitarios ofertados deben presentarse en números enteros. Cuando la fracción decimal del peso sea igual o superior a 5 se aproximará por exceso al número entero siguiente del peso y cuando la fracción decimal del peso sea inferior a 5 se aproximará por defecto al número entero del peso.
B40: Nota 6. El oferente deberá tener en cuenta al presentar su oferta la discriminacion de impuestos, tasas o contribuciones que aplican al proceso de contratación y que se encuentran incluidos en los costos estimados por la entidad en el valor global .
B41: Nota 7. La presentación de la propuesta constituye una manifestación explícita de que el Proponente ha efectuado un estudio completo de la documentación que compone el presente proceso de contratación, el objeto a contratar, precios, plazos, especificaciones técnicas, económicas y/o financieras, condiciones de ejecución del contrato y demás elementos que influyan directa e indirectamente durante la ejecución del contrato sobre el valor de su oferta; por lo tanto, el Proponente debe proyectar el Valor de su “OFERTA ECONÓMICA” de forma responsable y serán de la exclusiva responsabilidad del Proponente, los errores en que incurra al indicar los valores de su propuesta su propuesta, debiendo asumir los mayores costos o pérdidas que se deriven de dichos errores.
B42: Nota 8. Las Ofertas Económicas deberán contemplar todos los costos directos e indirectos, estampillas, impuestos, tasas y contribuciones de ley y cualquier otra erogación necesaria para la correcta suscripción y ejecución del objeto de la presente contratación y por ningún motivo se considerarán costos adicionales.
B43: Nota 9: Los valores de Gastos Reembolsables no serán ofertados por el proponente, corresponden a los cálculos establecidos por la entidad en la estructuración del Presupuesto Oficial

Sheet Propuesta Economica(Proponente)
B5: INSTITUTO DISTRITAL DE RECREACIÓN Y DEPORTE - IDRD
B6: OFERTA ECONÓMICA
B7: IDRD-SG-LP-020-2026
B9: PROPONENTE:
B11: OBJETO: | C11: "CONTRATAR LOS ESTUDIOS, DISEÑOS TÉCNICOS Y LA CONSTRUCCIÓN DEL PARQUE DE PROXIMIDAD SAN CAYETANO, UBICADO EN LA LOCALIDAD DE USME DE LA CIUDAD DE BOGOTÁ D.C."
B14: I. ESTUDIOS, DISEÑOS Y CONSTRUCCIÓN
F15: [Ofrecimiento del Proponente]
B16: ÍTEM | C16: DESCRIPCIÓN | D16: UNIDAD MEDIDA | E16: CANTIDAD | F16: Precios Unitarios (Incluye Costos Directos e Indirectos) | G16: Valor Total
B17: 1 | C17: ESTUDIOS Y DISEÑOS PARQUE ESTRUCTURANTE MILENTA TEJAR | D17: UND | E17: 1 | G17: =+E17*F17 -> 0
B18: 2 | C18: CONSTRUCCIÓN PARQUE ESTRUCTURANTE MILENTA TEJAR | D18: UND | E18: 1 | G18: =+ROUND(E18*F18,0) -> 0
B19: 3 | C19: IMPLEMENTACIÓN PMT ETAPA DE CONSTRUCCIÓN (Incluye Especialista Transito y Transporte, Paletero, Alquiler señalización de obra, señales temporales, cinta de seguridad, barricadas, señales verticales, colombinas, paletas Pare-Siga) | D19: UND | E19: 1 | G19: =+E19*F19 -> 0
B20: 4 | C20: IMPLEMENTACIÓN PLAN DE MANEJO AMBIENTAL ETAPA DE CONSTRUCCIÓN (No incluye profesional Ambiental por encontrarse contemplado en los costos de personal mínimo. Incluye: personal operativo y herramienta menor y consumibles para implementación de los programas: Gestión Integral de Residuos Sólidos, Orgánicos aprovechables, No aprovechables y aprovechables, Control de Emisiones Atmosféricas, Manejo Eficiente del Agua, señalización en Obra y Fauna silvestre) | D20: UND | E20: 1 | G20: =+E20*F20 -> 0
B21: 5 | C21: IMPLEMENTACIÓN PLAN SST ETAPA DE CONSTRUCCIÓN (No incluye profesional SST por encontrarse contemplado en los costos de personal mínimo. Incluye: herramienta menor y consumibles para Emergencias y Riesgos, Elementos de Protección Personal, Elementos protección trabajo en Alturas, Exámenes Médicos y Bioseguridad) | D21: UND | E21: 1 | G21: =+E21*F21 -> 0
B22: 6 | C22: IMPLEMENTACIÓN PLAN DE GESTIÓN SOCIAL ETAPA DE CONSTRUCCIÓN (No incluye profesional Social por encontrarse contemplado en los costos de personal mínimo. Incluye: equipos y consumibles para atención, divulgación y atención al ciudada) | D22: UND | E22: 1 | G22: =+E22*F22 -> 0
F23: TOTAL ESTUDIOS, DISEÑOS Y CONSTRUCCIÓN | G23: =SUM(G17:G22) -> 0
B26: II. GASTOS REEMBOLSABLES
G27: [Ofrecimiento del Proponente]
F28: RETIE - RETILAB | G28: =+'Presupuesto Oficial (Entidad)'!G26 -> 43110057
F29: RESOLUCIÓN SILVICULTURAL | G29: =+'Presupuesto Oficial (Entidad)'!G27 -> 25459608
F30: DERECHO DE VALLA | G30: =+'Presupuesto Oficial (Entidad)'!G28 -> 3781955
F31: TRAMITES ANTE LA EAAB RESOLUCIÓN 0579/2025 de la EAAB | G31: =+'Presupuesto Oficial (Entidad)'!G29 -> 2520000
F32: TOTAL GASTOS REEMBOLSABLES | G32: =+G28+G29+G30+G31 -> 74871620
B34: VALOR PRESUPUESTO OFICIAL | G34: =+G23+G32 -> 74871620
B36: Nota 1. El precio global establecido para la ejecución del contrato comprende la totalidad de los costos directos e indirectos necesarios para la ejecución integral de cada una de las etapas contractuales de conformidad con el Anexo Técnico, sus apéndices y los demás documentos que integran el proceso de contratación. Este valor incluye, sin limitarse a ellos, los costos correspondientes al personal profesional, técnico, operativo, administrativo y de apoyo; salarios, prestaciones sociales, aportes al Sistema de Seguridad Social Integral y demás obligaciones laborales; oficinas, administración, servicios públicos, comunicaciones, útiles, papelería y documentación técnica; asesorías legales, tributarias y de las demás especialidades requeridas; alquiler, operación, transporte y mantenimiento de equipos, instrumentos y vehículos necesarios para la ejecución de las actividades de cada etapa. Asimismo, comprende los ensayos de laboratorio y demás pruebas requeridas durante la ejecución contractual; las instalaciones y redes provisionales de agua y energía necesarias para la etapa de construcción; las garantías, impuestos, tasas y contribuciones aplicables; los trámites, permisos, autorizaciones, aprobaciones y licencias a cargo del contratista; así como los imprevistos y la utilidad. Para la etapa de construcción, el precio global comprende, además, la totalidad de los materiales, mano de obra, herramientas, maquinaria, equipos, transporte y demás recursos necesarios para ejecutar, terminar, dotar y poner en funcionamiento las obras y actividades previstas en los documentos contractuales. En consecuencia, el precio global cubre integralmente la totalidad de las obligaciones contractuales y no da lugar a reconocimientos económicos adicionales por mayores cantidades de obra, variaciones en los rendimientos, insuficiencias en la estimación de costos, omisiones en la oferta o actividades necesarias para la correcta ejecución, terminación y puesta en funcionamiento del objeto contratado.
B37: Nota 2. El Formato "OFERTA ECONÓMICA” debe presentarse en formato Excel en la plataforma SECOP II.
B38: Nota 3. El proponente debe diligenciar el PRECIO ofertado para cada uno de los ítems que componen el formato.
B39: Nota 4. Los valores ofertados NO podrán exceder los respectivos Valores Oficiales y deben ser mayor a cero pesos ($0).
B40: Nota 5. Para la presentación de la “OFERTA ECONÓMICA” no se deben utilizar centavos; por lo tanto, los valores unitarios ofertados deben presentarse en números enteros. Cuando la fracción decimal del peso sea igual o superior a 5 se aproximará por exceso al número entero siguiente del peso y cuando la fracción decimal del peso sea inferior a 5 se aproximará por defecto al número entero del peso.
B41: Nota 6. El oferente deberá tener en cuenta al presentar su oferta la discriminacion de impuestos, tasas o contribuciones que aplican al proceso de contratación y que se encuentran incluidos en los costos estimados por la entidad en el valor global .
B42: Nota 7. La presentación de la propuesta constituye una manifestación explícita de que el Proponente ha efectuado un estudio completo de la documentación que compone el presente proceso de contratación, el objeto a contratar, precios, plazos, especificaciones técnicas, económicas y/o financieras, condiciones de ejecución del contrato y demás elementos que influyan directa e indirectamente durante la ejecución del contrato sobre el valor de su oferta; por lo tanto, el Proponente debe proyectar el Valor de su “OFERTA ECONÓMICA” de forma responsable y serán de la exclusiva responsabilidad del Proponente, los errores en que incurra al indicar los valores de su propuesta su propuesta, debiendo asumir los mayores costos o pérdidas que se deriven de dichos errores.
B43: Nota 8. Las Ofertas Económicas deberán contemplar todos los costos directos e indirectos, estampillas, impuestos, tasas y contribuciones de ley y cualquier otra erogación necesaria para la correcta suscripción y ejecución del objeto de la presente contratación y por ningún motivo se considerarán costos adicionales.
B44: =+'Presupuesto Oficial (Entidad)'!B43 -> Nota 9: Los valores de Gastos Reembolsables no serán ofertados por el proponente, corresponden a los cálculos establecidos por la entidad en la estructuración del Presupuesto Oficial
C48: Firma del Proponente o de su representante legal
